 Dungeon Crawl Stone Soup version 0.28.0 (webtiles) character file.

Game seed: 14262833096500556309

2459 buriedalive the Frost Mage (level 9, 0/43 (45) HPs)
             Began as a Deep Elf Ice Elementalist on Feb 4, 2022.
             Was an Initiate of Ashenzari.
             Slain by an orc warrior (10 damage)
             ... in a bailey.
             The game lasted 00:22:40 (11496 turns).

buriedalive the Frost Mage (DEIE)                  Turns: 11496, Time: 00:22:41

HP:   0/43 (45)     AC:  3    Str:  5    XL:     9   Next: 26%
MP:   6/15          EV: 21    Int: 25    God:    Ashenzari [......]
Gold: 297           SH:  0    Dex: 15    Spells: 3/14 levels left

rFire   x . .      SeeInvis .   E - +2 scimitar (elec)
rCold   + . .      Faith    .   (no shield)
rNeg    . . .      Spirit   .   a - +0 robe
rPois   .          Reflect  .   (no helmet)
rElec   .          Harm     .   (no cloak)
rCorr   .          Rampage  .   (no gloves)
Will    .....                   p - +0 pair of boots
Stlth   ++........              (no amulet)
HPRegen 0.14/turn               i - ring of ice
MPRegen 0.14/turn               H - +4 ring of evasion

@: freezing walls, lightly drained
A: no striking features
a: Renounce Religion, Curse Item


You were in a bailey.
You worshipped Ashenzari.
Ashenzari was noncommittal.
You visited 1 branch of the dungeon, and saw 7 of its levels.
You also visited: Sewer, Ossuary and Bailey.

You collected 297 gold pieces.

Inventory:

Hand Weapons
 b - a +0 dagger of venom
 g - a +4 vampiric dagger
 E - a +2 scimitar of electrocution (weapon)
 G - the +7 hunting sling "Dewa" {flame, rElec rF+ Str+6}
   (You found it on level 6 of the Dungeon)

   Any ammunition fired from it burns those it strikes, dealing additional fire
   damage.
   Str:       It affects your strength (+6).
   rF:        It protects you from fire.
   rElec:     It insulates you from electricity.
Missiles
 d - 246 stones
 e - 15 poisoned darts (quivered)
 y - a throwing net
 B - 20 sling bullets
Armour
 a - a +0 robe (worn)
 p - a +0 pair of boots (worn)
Magical Staves
 r - a staff of poison
Jewellery
 i - a ring of ice (left hand)
 x - a ring of positive energy
 F - a ring of resist corrosion
 H - a +4 ring of evasion (right hand)
Wands
 j - a wand of flame (36)
Scrolls
 c - 5 scrolls of teleportation
 k - 3 scrolls of immolation
 m - a scroll of fog
 u - a scroll of blinking
 z - 2 scrolls of identify
 C - a scroll of summoning
Potions
 f - 2 potions of heal wounds
 h - 2 potions of resistance
 l - a potion of magic
 n - 2 potions of attraction
 o - 5 potions of flight
 q - 4 potions of curing
 s - a potion of lignification
 t - a potion of berserk rage
 v - 4 potions of cancellation
 w - a potion of haste
 A - 2 potions of brilliance
 D - 2 potions of mutation {unknown}


   Skills:
 + Level 9.5 Dodging
 - Level 2.4 Stealth
 - Level 3.0 Spellcasting
 + Level 6.7 Summonings
 + Level 9.5 Ice Magic


You had 3 spell levels left.
You knew the following spells:

 Your Spells              Type           Power      Damage    Failure   Level
a - Freeze                Ice            100%       1d11      1%          1
b - Ozocubu's Armour      Ice            67%        N/A       1%          3
c - Frozen Ramparts       Ice            100%       1d12      1%          3
d - Summon Ice Beast      Ice/Summ       61%        N/A       3%          4

Your spell library contained the following spells:

 Spells                   Type           Power      Damage    Failure   Level
 Conjure Flame            Conj/Fire      3%         6-21      30%         3
 Ignite Poison            Fire/Tmut/Pois 3%         N/A       30%         3
 Hailstorm                Conj/Ice       41%        3d10      14%         4
 Ice Form                 Ice/Tmut       41%        N/A       14%         4
 Sticky Flame             Conj/Fire      3%         2d3       69%         4
 Ozocubu's Refrigeration  Ice            33%        4d11      86%         7


Dungeon Overview and Level Annotations

Branches:
Dungeon (7/15)              Sewer (visited)         Ossuary (visited)
 Bailey (1/1)
 Temple: D:4-7

Altars:
Ashenzari
Elyvilon
Gozag
Hepliaklqana
Nemelex Xobeh
Qazlal
Sif Muna
Trog
Vehumet
Wu Jian
Yredelemnul
Zin
The Shining One

Shops:
D:3 =   D:6 [[(*

Annotations:
D:3 1 runed translucent door, crazypyro's ghost, amateur OgMo
D:5 2 transporters, Kranky's ghost, novice GnWn


Message History

An orc warrior and 2 gnolls come into view.
A gnoll is wielding a +1 halberd of draining.
The orc warrior is wielding a +2 halberd of electrocution.
A gnoll is wielding a +0 halberd of draining.
The gnoll shouts!
The orc warrior shouts!
Found six items.
Found four items.
The orc warrior barely misses you.
There is an open door here.
Casting: Ozocubu's Armour (safe; 1% risk of failure)
Confirm with . or Enter, or press ? or * to list all spells.
You feel a surge of power! A film of ice covers your body!
The gnoll shouts!
The orc warrior barely misses you.
Unknown command.
Unknown command.
Casting: Ozocubu's Armour (safe; 1% risk of failure)
Confirm with . or Enter, or press ? or * to list all spells.
Casting: Frozen Ramparts (safe; 1% risk of failure)
Press: ? - help, Dir - look around, f - activate An open door.
You feel a surge of power!
The walls around you are covered in ice.
The orc warrior hits you from afar with a +2 halberd of electrocution!!
You are electrocuted!
* * * LOW HITPOINT WARNING * * *
The wall freezes the gnoll!
The gnoll misses you.
Your icy armour and frozen ramparts will break if you move.
Continue?
Your icy armour cracks and falls away as you move.
The frozen ramparts melt away as you move.
There is an open door here.
Things that are here:
a +2 halberd of draining; a gnoll corpse
Casting: Frozen Ramparts (safe; 1% risk of failure)
Confirm with . or Enter, or press ? or * to list all spells.
Casting: Frozen Ramparts (safe; 1% risk of failure)
Press: ? - help, Dir - look around, f - activate An open door.
You feel a surge of power!
The walls around you are covered in ice.
The wall freezes the orc warrior!
The orc warrior hits you from afar with a +2 halberd of electrocution!
You die...

##### ##.@)##
#o###'##+##+
#!.!gg## ##.....#
#.!.!. ###.....#
+!.⌠.! #)'..⌠..+
#.!.!. ###.....#
#!.!.! ##.....##
+##+##+###'##+##'##
#.#)## ##.#


You could see an orc warrior and 2 gnolls.

Vanquished Creatures
  Pikel (D:6)
  Prince Ribbit (D:6)
  A water moccasin (D:6)
  2 ice beasts
  A sky beast (D:6)
  A black bear (D:4)
  A necrophage (D:5)
  An ogre (D:5)
  A lemure (D:6)
  Blork the orc (D:6)
  A wyvern zombie (D:6)
  3 water moccasin zombies (Ossuary)
  A jelly (D:6)
  4 orc priests
  A centaur skeleton (D:6)
  A bullfrog skeleton (D:6)
  Jessica (D:2)
  2 orc wizards
  Natasha (thrice) (D:4)
  2 mummies (Ossuary)
  11 adders
  10 gnolls
  5 river rats (Sewer)
  2 shadow imps (D:6)
  3 ufetubi
  3 adder zombies (Ossuary)
  3 worms
  4 dart slugs
  7 orcs
  9 endoplasms
  6 giant cockroaches
  7 goblins
  6 hobgoblins
  6 jackals
  3 kobolds
  2 quokkas (Sewer)
  11 ball pythons
  12 bats
  4 frilled lizards
  3 gnoll zombies (Ossuary)
  5 hobgoblin zombies (Ossuary)
  7 kobold zombies (Ossuary)
  4 orc zombies (Ossuary)
  7 rats
  2 rat zombies (D:4)
172 creatures vanquished.

Vanquished Creatures (collateral kills)
  An ice beast (D:6)
1 creature vanquished.

Grand Total: 173 creatures vanquished

Notes
Turn   | Place    | Note
-------+----------+-------------------------------------------
     0 | D:1      | buriedalive the Deep Elf Ice Elementalist began the quest
                  | for the Orb.
     0 | D:1      | Reached XP level 1. HP: 10/10 MP: 6/6
   375 | D:1      | Reached XP level 2. HP: 7/15 MP: 5/8
  1409 | D:1      | Reached skill level 5 in Ice Magic
  1569 | D:1      | Reached XP level 3. HP: 19/19 MP: 9/9
  1989 | D:2      | Found a faded altar of an unknown god.
  1995 | D:2      | Noticed Jessica
  2004 | D:2      | Killed Jessica
  2269 | D:2      | Reached XP level 4. HP: 20/24 MP: 6/10
  2439 | D:2      | Learned a level 3 spell: Ozocubu's Armour
  2443 | D:2      | Learned a level 3 spell: Frozen Ramparts
  3213 | D:3      | Found Qiol Bai's Jewellery Shoppe.
  3392 | D:3      | Reached XP level 5. HP: 27/28 MP: 11/11
  3443 | D:3      | Found a runed translucent door.
  3483 | D:3      | Noticed crazypyro's ghost (amateur OgMo)
  3483 | D:3      | Noticed a black bear
  4062 | D:4      | Noticed Natasha
  4070 | D:4      | Noticed a black bear
  4074 | D:4      | Killed Natasha
  4075 | D:4      | Reached skill level 5 in Dodging
  4167 | D:4      | Noticed Natasha
  4233 | D:4      | Killed Natasha
  4242 | D:4      | Reached XP level 6. HP: 15/32 MP: 1/12
  4289 | D:4      | Found a sand-covered staircase.
  4296 | Ossuary  | Entered an ossuary
  4411 | Ossuary  | Learned a level 4 spell: Summon Ice Beast
  4671 | Ossuary  | Reached skill level 1 in Summonings
  5520 | D:4      | Noticed Natasha
  5533 | D:4      | Killed Natasha
  5538 | D:4      | Reached XP level 7. HP: 4/36 MP: 5/13
  6351 | D:5      | Entered Level 5 of the Dungeon
  7171 | D:5      | Found a transporter.
  7183 | D:5      | Noticed Kranky's ghost (novice GnWn)
  7198 | D:5      | Found a transporter.
  7793 | D:6      | Reached XP level 8. HP: 35/41 MP: 9/14
  7864 | D:6      | Noticed Prince Ribbit
  7909 | D:6      | Killed Prince Ribbit
  7982 | D:6      | Found a radiant altar of Vehumet.
  7982 | D:6      | Found a basalt altar of Yredelemnul.
  7985 | D:6      | Found a glowing silver altar of Zin.
  7987 | D:6      | Found an opulent altar of Gozag.
  7989 | D:6      | Found a bloodstained altar of Trog.
  7989 | D:6      | Found an ornate altar of the Wu Jian Council.
  7989 | D:6      | Found a shimmering blue altar of Sif Muna.
  7989 | D:6      | Found a glowing golden altar of the Shining One.
  7990 | D:6      | Found a white marble altar of Elyvilon.
  7994 | D:6      | Found a sparkling altar of Nemelex Xobeh.
  7995 | D:6      | Found a broken altar of Ashenzari.
  7996 | D:6      | Found a hazy altar of Hepliaklqana.
  8001 | D:6      | Became a worshipper of Ashenzari the Shackled
  8051 | D:6      | Found Adaximp's Weapon Emporium.
  8229 | D:6      | Found a glowing drain.
  8243 | Sewer    | Entered a sewer
  8496 | Sewer    | Reached skill level 5 in Summonings
  9630 | D:6      | Found Puomiob's Assorted Antiques.
  9669 | D:6      | Noticed Blork the orc
  9677 | D:6      | Killed Blork the orc
 10458 | D:6      | Found Pixtubu's Armour Emporium.
 10675 | D:6      | Identified the +7 hunting sling "Dewa" {flame, rElec rF+
                  | Str+6}
 10681 | D:6      | Found Zicom's Armour Boutique.
 10721 | D:6      | Noticed Pikel
 10738 | D:6      | Killed Pikel
 10739 | D:6      | Reached XP level 9. HP: 33/45 MP: 9/15
 11088 | D:7      | Found a stormy altar of Qazlal.
 11149 | D:7      | Found a flagged portal.
 11158 | Bailey   | Entered a bailey
 11496 | Bailey   | Slain by an orc warrior

Illustrated notes

Levels and vault maps discovered:
D:1:      shiori_shiawase, layout_basic
D:2:      layout_loops_ring, basic_ecumenical_altar, uniq_jessica
D:3:      layout_basic, ebering_ghost_inner_flame, serial_shops, shop,
          serial_park_tiny_2
D:4:      layout_cave_pools, enter_ossuary_4, uniq_natasha
D:5:      layout_loops_ring, gammafunk_ghost_stat_death
D:6:      layout_gridville, minitemple, serial_shops, nicolae_diamond_shop,
          kennysheep_mini, shop_statue, nicolae_square_shop,
          portal_sewer_entry_d, kennysheep_generic_room_5, uniq_prince_ribbit1,
          uniq_pikel, uniq_blork_the_orc
D:7:      cheibrodos_shockbox, layout_basic, overflow_temple_1_default,
          temple_green, enter_bailey_6
Bailey:   bailey_polearm_nasty_gnolls, bailey

Skill      XL: |  1  2  3  4  5  6  7  8 |
---------------+-------------------------+-----
Dodging        | 3 4 5 6 7 9 |  9.5
Ice Magic      | 5 6 7 8 9 |  9.5
Summonings     | 2 4 6 |  6.7
Stealth        | |  2.4
Spellcasting   | |  3.0

Action                   |  1- 3 |  4- 6 |  7- 9 || total
-------------------------+-------+-------+-------++-------
Melee: Dagger            |    38 |   134 |    79 ||   251
       Unarmed           |     1 |       |       ||     1
       Punch             |       |     4 |     4 ||     8
       Scimitar          |       |       |    56 ||    56
Throw: Dart              |       |       |     1 ||     1
 Cast: Freeze            |    39 |    32 |    47 ||   118
       Frozen Ramparts   |       |    14 |    19 ||    33
       Ozocubu's Armour  |       |    10 |    21 ||    31
       Summon Ice Beast  |       |       |     3 ||     3
Evoke: Wand              |       |       |     6 ||     6
  Use: Scroll            |       |    11 |    12 ||    23
       Potion            |       |     1 |       ||     1
 Stab: Sleeping          |     3 |     4 |     5 ||    12
Armor: Robe              |     8 |    47 |    38 ||    93
Dodge: Dodged            |    50 |   112 |   195 ||   357
